Map: Ascension vers Aïur EC

Players

zidar - Winner!

  • Race: Zerg Zerg
  • League: Gold
  • Spawn Location: 11:00

Sjolinator

  • Race: Terran Terran
  • League: Gold
  • Spawn Location: 5:00

VOD

Have the link to the VOD?

Description

Time

  • Played on: June 28, 2017, 2:44 p.m.
  • Length: 19:12
Show
View Real Time Build Order
Export as new Build Order

zidar Zerg - Winner!

Build Orders: Hatch First, Muta Ling Bane 

Get SALT Encoding   

  12  0:02  Drone  
  13  0:12  Overlord  
  13  0:17  Drone  
  14  0:30  Drone x2  
  16  0:49  Hatchery  
  15  0:52  Drone  
  16  0:57  Extractor, Drone  
  16  1:20  Spawning Pool  
  16  1:24  Drone x2  
  17  1:25  Drone  
  18  1:35  Drone  
  18  2:07  Metabolic Boost  
  18  2:08  Queen  
  18  2:09  Queen  
  18  2:12  Drone  
  23  2:17  Zergling x2  
  23  2:18  Zergling x4  
  26  2:37  Roach Warren  
  25  3:01  Drone x3  
  28  3:06  Overlord  
  28  3:07  Overlord x2  
  28  3:12  Extractor  
  26  3:19  Zergling x2  
  27  3:22  Overlord  
  27  3:25  Pneumatized Carapace  
  27  3:37  Lair  
  27  3:43  Drone x4  
  31  3:48  Extractor  
  31  3:53  Extractor  
  29  4:08  Baneling Nest  
  29  4:09  Drone x4  
  33  4:32  Baneling Nest  
  32  4:40  Drone x6  
  32  4:42  Drone x3  
  41  5:11  Drone x3  
  44  5:14  Overlord  
  44  5:16  Centrifical Hooks  
  44  5:20  Zergling x6  
  47  5:25  Zergling x6  
  50  5:35  Baneling x3  
  50  5:41  Drone x2  
  52  5:43  Baneling  
  52  5:44  Baneling x3  
  52  5:56  Spire  
  51  6:09  Overseer  
  51  6:15  Drone x3  
  54  6:28  Hatchery  
  53  6:36  Evolution Chamber  
  52  6:42  Evolution Chamber, Zergling x4  
  52  6:43  Zergling x12  
  59  6:48  Baneling x4  
  59  6:50  Overlord x3  
  59  6:59  Overseer  
  59  7:10  Zerg Melee Weapons Level 1  
  59  7:11  Zerg Ground Armor Level 1  
  59  7:41  Overlord  
  59  7:42  Overlord x5  
  59  7:47  Drone x6  
  65  7:59  Queen  
  65  8:05  Drone x9  
  76  8:22  Zergling x8  
  80  8:30  Drone  
  81  9:00  Extractor  
  80  9:04  Extractor  
  80  9:06  Mutalisk x13  
  105  9:12  Zerg Ground Armor Level 2, Zerg Melee Weapons Level 2  
  105  9:18  Overlord x3  
  105  9:38  Hatchery  
  102  9:51  Zergling x2  
  102  9:52  Zergling x22  
  114  9:54  Baneling  
  114  9:55  Baneling x15  
  114  10:16  Zerg Flyer Weapons Level 1  
  114  10:27  Infestation Pit  
  113  10:41  Zergling x18  
  113  10:42  Mutalisk x3  
  128  11:01  Drone  
  129  11:04  Queen  
  129  11:07  Drone x6  
  137  11:20  Overlord  
  137  11:21  Overlord  
  116  11:59  Zergling x32  
  132  12:03  Hive  
  132  12:10  Zerg Flyer Weapons Level 2  
  132  12:23  Extractor  
  131  12:48  Drone x2  
  131  12:49  Drone x4  
  131  12:50  Drone x3  
  140  13:06  Overlord  
  140  13:07  Overlord x3  
  140  13:10  Zergling x2  
  140  13:11  Zergling x18  
  150  13:18  Baneling  
  150  13:19  Baneling x15  
  150  13:23  Adrenal Glands  
  150  13:31  Zerg Melee Weapons Level 3  
  150  13:33  Zerg Ground Armor Level 3  
  150  13:34  Ultralisk Cavern, Glial Reconstitution  
  150  13:37  Pathogen Glands  
  149  14:02  Extractor  
  148  14:08  Extractor  
  147  14:25  Drone x2  
  147  14:26  Drone  
  147  14:27  Drone  
  151  14:34  Ultralisk x4  
  151  14:35  Ultralisk x2  
  187  14:40  Chitinous Plating  
  187  14:46  Zerg Flyer Weapons Level 3  
  186  15:26  Baneling  
  186  15:27  Baneling x9  
  186  15:30  Mutalisk  
  186  15:32  Corruptor  
  190  15:36  Overlord  
  190  15:37  Overlord x3  
  190  16:12  Hatchery  
  171  16:36  Mutalisk x5  
  171  16:37  Mutalisk x14  
  193  16:57  Mutalisk x3  
  116  18:18  Zergling x16  
  116  18:19  Zergling x48  
Show
View Real Time Build Order
Export as new Build Order

Sjolinator Terran 

Build Orders:  

Get SALT Encoding   

  12  0:00  SCV  
  13  0:18  Supply Depot  
  13  0:25  SCV  
  14  0:37  SCV  
  14  0:41  Barracks  
  15  0:49  SCV  
  16  0:55  Refinery  
  16  1:01  SCV  
  17  1:10  Supply Depot  
  17  1:13  SCV  
  18  1:25  SCV  
  19  1:29  Marine  
  20  1:38  Orbital Command  
  20  1:51  Refinery  
  20  1:57  Marine  
  20  1:58  Factory  
  21  2:05  SCV  
  22  2:15  Marine  
  23  2:26  SCV  
  24  2:33  Marine  
  25  2:39  SCV  
  25  2:40  Command Center  
  25  2:43  Factory Tech Lab  
  26  2:53  SCV  
  26  2:57  Bunker  
  27  3:05  SCV  
  28  3:07  Siege Tank  
  31  3:22  Barracks Reactor  
  31  3:31  Supply Depot  
  31  3:32  Supply Depot  
  31  3:40  Refinery  
  31  3:44  Starport  
  31  3:51  SCV  
  31  3:53  Siege Tank  
  35  4:00  Orbital Command  
  35  4:03  SCV  
  36  4:15  SCV  
  37  4:26  Marine x2  
  37  4:27  SCV  
  37  4:28  Starport Reactor  
  37  4:30  Siege Tank  
  43  4:34  Barracks  
  43  4:43  Barracks  
  43  4:52  Marine x2  
  45  5:07  Viking  
  45  5:08  Viking  
  45  5:09  SCV x2  
  51  5:56  Barracks Tech Lab  
  51  5:57  Barracks Reactor  
  51  6:08  SCV x2  
  53  6:20  Supply Depot  
  53  6:22  Supply Depot  
  53  6:24  Liberator x2  
  53  6:26  Supply Depot  
  53  6:34  Marine x3  
  53  6:35  Marine  
  53  6:36  Marauder  
  53  6:37  Siege Tank  
  62  6:46  SCV x2  
  70  6:49  Supply Depot  
  70  6:53  Supply Depot x2  
  70  6:55  Engineering Bay  
  70  6:57  Marauder  
  72  7:02  Engineering Bay  
  72  7:04  Marine x2  
  72  7:05  Marine, Combat Shield  
  75  7:11  Starport  
  75  7:16  Supply Depot  
  75  7:20  Supply Depot  
  75  7:25  Refinery  
  74  7:37  Marine x2  
  74  7:38  Marine x2  
  74  7:39  Marauder  
  74  7:40  Siege Tank  
  74  7:42  Medivac x2  
  87  7:48  SCV x2  
  89  7:59  Marine  
  89  8:00  Marine x3, SCV x2  
  95  8:12  Medivac x2  
  99  8:45  Unknown  
  99  8:50  Missile Turret  
  99  8:56  Marine x2, Marauder  
  99  8:57  Marine x2  
  99  9:00  Starport Reactor  
  105  9:04  SCV x2  
  107  9:11  Command Center  
  107  9:12  Missile Turret  
  107  9:14  Terran Infantry Weapons Level 1  
  107  9:15  Terran Infantry Armor Level 1  
  107  9:19  Marine x3  
  107  9:20  Marine  
  107  9:21  Armory, Marauder  
  107  9:22  Siege Tank  
  107  9:23  Medivac x2  
  113  9:45  Viking  
  113  9:46  Viking  
  115  9:53  Viking x2  
  115  9:58  Missile Turret  
  119  10:04  Missile Turret x2  
  119  10:20  Missile Turret  
  119  10:27  Missile Turret  
  113  10:36  Missile Turret  
  113  10:46  Viking x2  
  113  10:47  Viking  
  119  10:53  Missile Turret, SCV  
  120  11:00  Orbital Command  
  120  11:04  Marine x2  
  120  11:05  Marine x2  
  120  11:07  Stimpack  
  120  11:09  Marine  
  125  11:22  Marine x2  
  125  11:23  Marine  
  84  11:59  Viking x2  
  84  12:00  Viking x2  
  85  12:03  Marine x2  
  85  12:04  Marine x2, Marauder  
  85  12:06  Terran Vehicle And Ship Armor Level 1  
  91  12:15  Terran Infantry Weapons Level 2, Starport  
  91  12:16  Terran Infantry Armor Level 2  
  91  12:17  Starport  
  91  12:18  Siege Tank  
  91  12:21  Marine  
  95  12:26  Marauder  
  95  12:29  Viking  
  99  12:39  Marine x2  
  99  12:40  Marine x2  
  99  12:42  Viking x3  
  109  12:47  Marauder  
  111  12:55  Liberator x3  
  111  12:56  Orbital Command  
  111  12:59  Viking  
  113  13:08  Starport Reactor  
  113  13:09  Starport Reactor  
  121  13:26  Marine x4  
  125  13:36  Liberator x2  
  125  13:53  Viking  
  133  14:12  Viking  
  135  14:35  Refinery  
  135  14:39  Refinery  
  135  14:43  Marine  
  135  14:44  Viking  
  135  14:45  Viking  
  140  14:48  Missile Turret  
  140  14:50  Missile Turret  
  140  14:55  Missile Turret  
  140  15:10  Viking  
  140  15:21  Viking  
  141  15:40  Supply Depot  
  141  15:42  Supply Depot  
  141  15:47  Supply Depot  
  141  16:01  Marine, Viking x3  
  141  16:02  Terran Ship Weapons Level 1  
  148  16:09  Marine x4  
  152  16:19  Marine  
  144  16:26  Marine  
  144  16:27  Marine, Marauder  
  148  16:35  Liberator x4  
  138  16:50  Marine  
  138  16:51  Marauder  
  153  17:13  Marauder  
  139  17:17  Viking x3  
  145  17:26  Ghost Academy  
  145  17:29  Supply Depot  
  145  17:30  Supply Depot  
  42  18:13  Marine  
  42  18:14  Marine x4  
  31  18:31  Marine  
  31  18:32  Marine x3  
Tags
 
Add a new tag
Caveats
  • Supply blocks, unpowered buildings, or Contaminate may cause inaccurate times.
  • Supply counts are checked every 10 seconds.